 Dungeon Crawl Stone Soup version 0.26.0-16-gc1dbca0489 (webtiles) character file.

Game seed: 14291491744716850839

1068 promet the Covert (level 8, -6/48 HPs)
             Began as an Octopode Hedge Wizard on Jan 18, 2021.
             Was an Initiate of Dithmenos.
             Mangled by a two-headed ogre
             ... wielding a +0 giant club
              (22 damage)
             ... on level 6 of the Dungeon on Jan 20, 2021.
             The game lasted 00:55:57 (8429 turns).

promet the Covert (Octopode Hedge Wizard)           Turns: 8429, Time: 00:55:58

Health: -6/48      AC:  1    Str:  9    XL:     8   Next: 28%
Magic:  6/15       EV: 14    Int: 19    God:    Dithmenos [......]
Gold:   109        SH:  5    Dex: 11    Spells: 4/17 levels left

rFire    + . .     SeeInvis +   a - +1 rapier
rCold    x . .     Faith    .   (no shield)
rNeg     . . .     Spirit   .   v - +0 hat
rPois    +         Reflect  +   j - amulet of reflection
rElec    .         Harm     .   k - ring of fire
rCorr    .         Rampage  .   y - ring of poison resistance
Will     .....                  D - ring of see invisible
Stlth    +++++.....             (no ring)
HPRegen  0.16/turn              (no ring)
MPRegen  0.14/turn              (no ring)
                                (no ring)
                                (no ring)

@: very slightly contaminated
A: almost no armour, stealthy swim, amphibious, 8 rings, constrict 8, tentacle
spike 1, camouflage 1, gelatinous body 1, MP-powered wands
a: Renounce Religion


You were on level 6 of the Dungeon.
You worshipped Dithmenos.
Dithmenos was noncommittal.
You visited 2 branches of the dungeon, and saw 7 of its levels.

You collected 158 gold pieces.
You spent 49 gold pieces at shops.

Inventory:

Hand Weapons
 a - a +1 rapier (weapon)
 b - a +0 hunting sling
 e - a +0 hand axe
 p - a +0 whip of venom
 r - a +0 spear
 x - a +0 falchion
 E - a +0 long sword
 F - a +0 hand crossbow
Missiles
 c - 167 stones
 d - 47 poisoned darts (quivered)
 i - 74 bolts
 l - 5 atropa-tipped darts
 n - 11 boomerangs
 u - 31 sling bullets
Armour
 m - a +0 buckler
 o - a +2 kite shield
 v - a +0 hat (worn)
Jewellery
 f - an uncursed amulet of the acrobat
 j - an amulet of reflection (around mantle)
 k - a ring of fire (left tentacle)
 s - an uncursed amulet of guardian spirit
 y - a ring of poison resistance (right tentacle)
 D - a ring of see invisible (on tentacle)
Wands
 g - a wand of paralysis (7)
 t - a wand of acid (5)
 z - a wand of enslavement (11)
Scrolls
 w - 3 scrolls of remove curse
 B - a scroll of identify
 C - a scroll of teleportation
 G - a scroll of fog
Potions
 h - 2 potions of flight
 q - 2 potions of brilliance
 A - 2 potions of lignification
 H - a potion of curing


   Skills:
 + Level 1.2 Fighting
 + Level 2.3 Short Blades
 + Level 0.3 Polearms
 + Level 1.0(1.1) Slings
 + Level 0.2(0.7) Throwing
 + Level 3.1 Dodging
 * Level 8.3 Stealth
 + Level 1.5 Shields
 + Level 5.1 Spellcasting
 + Level 2.5 Conjurations
 + Level 2.6 Summonings
 + Level 1.0 Translocations


You had 4 spell levels left.
You knew the following spells:

 Your Spells              Type           Power        Failure   Level
a - Magic Dart            Conj           56%          4%          1
b - Blink                 Tloc           N/A          12%         2
c - Call Imp              Summ           15%          6%          2
d - Slow                  Hex            4%           19%         2
e - Conjure Flame         Conj/Fire      14%          22%         3
f - Mephitic Cloud        Conj/Pois/Air  8%           26%         3

Your spell library contained the following spells:

 Spells                   Type           Power        Failure   Level


Dungeon Overview and Level Annotations

Branches:
Dungeon (6/15)             Temple (1/1) D:4

Altars:
Ashenzari
Cheibriados
Dithmenos
Elyvilon
Fedhas
Hepliaklqana
Kikubaaqudgha
Makhleb
Nemelex Xobeh
Okawaru
Qazlal
Ru
Trog
Uskayaw
Vehumet
Wu Jian
Xom
Yredelemnul
Zin
The Shining One

Shops:
D:5 *   D:6 (


Innate Abilities, Weirdness & Mutations

You cannot wear most types of armour.
You are very stealthy in the water. (Stealth+)
You are amphibious.
You can wear up to eight rings at the same time.
You can use your tentacles to constrict eight enemies at once.
Your skin changes colour to match your surroundings (Stealth+).
Your rubbery body absorbs attacks. (AC +1, EV +1)
One of your tentacles bears a spike.
You expend magic power (3 MP) to strengthen your wands.


Message History

Your magical contamination has completely faded away.
You hit the two-headed ogre.
The two-headed ogre is moderately wounded.
Your crimson imp barely misses the two-headed ogre.
The two-headed ogre barely misses you. The two-headed ogre misses you.
Your crimson imp hits the two-headed ogre.
Your crimson imp blinks!
Casting: Call Imp (safe; 6% risk of failure)
Confirm with . or Enter, or press ? or * to list all spells.
You miscast Call Imp.
You are very lightly contaminated with residual magic.
Nothing appears to happen.
The two-headed ogre looks more healthy.
The two-headed ogre hits you with a +0 giant club!
You block the two-headed ogre's attack.
Your crimson imp blinks!
You hit the two-headed ogre.
The two-headed ogre is moderately wounded.
Your crimson imp hits the two-headed ogre.
The two-headed ogre hits you with a +0 giant club!!
You die...

#........#....###.....##
.............## ###...
#.....###....# ..#
####...###...## ###..#
#..####.#..###....#
##..D...#...#....##
##.##............#
........5####.#...#
##..........@O(# .....
#.....##.#...5......#
...... ###..>..<.....
...#.## ####.....#.#
...#.# ###...# # ###..
..# .#


You could see a two-headed ogre and 2 friendly crimson imps.

Vanquished Creatures
  A black bear (D:6)
  A phantom (D:5)
  A bullfrog (D:5)
  A quasit (D:6)
  3 hounds
  2 iguanas
  An orc wizard (D:3)
  2 worker ants
  Natasha (D:3)
  6 adders
  A shadow imp (D:5)
  A white imp (D:5)
  2 oozes
  2 worms
  A dart slug (D:3)
  3 leopard geckos
  3 orcs
  11 giant cockroaches
  3 goblins
  4 hobgoblins
  7 jackals (D:2)
  5 kobolds
  A quokka (D:2)
  A ball python (D:3)
  2 bats (D:1)
  4 frilled lizards
  A leopard gecko skeleton (D:5)
  6 rats
77 creatures vanquished.

Vanquished Creatures (collateral kills)
  Prince Ribbit (D:6)
  An acid dragon (D:6)
  An ice beast (D:5)
  An ogre (D:5)
  A bullfrog (D:6)
  An orc priest (D:3)
  Natasha (twice) (D:3)
  A worker ant (D:4)
  3 adders (D:3)
  2 white imps (D:5)
  3 orcs (D:3)
  A leopard gecko skeleton (D:5)
18 creatures vanquished.

Grand Total: 95 creatures vanquished

Notes
Turn   | Place    | Note
-------+----------+-------------------------------------------
     0 | D:1      | promet the Octopode Hedge Wizard began the quest for the
                  | Orb.
     0 | D:1      | Reached XP level 1. HP: 11/11 MP: 4/4
   136 | D:1      | Reached XP level 2. HP: 6/17 MP: 6/6
   367 | D:1      | Reached skill level 3 in Stealth
   848 | D:2      | Reached XP level 3. HP: 21/21 MP: 8/8
  1348 | D:2      | Reached skill level 4 in Stealth
  1878 | D:2      | Reached XP level 4. HP: 27/27 MP: 7/9
  2401 | D:3      | Found a burning altar of Makhleb.
  2439 | D:2      | Reached skill level 5 in Stealth
  2964 | D:3      | Reached XP level 5. HP: 28/31 MP: 10/10
  2996 | D:3      | Learned a level 2 spell: Blink
  2999 | D:3      | Learned a level 2 spell: Call Imp
  3047 | D:3      | Noticed Natasha
  3062 | D:3      | Killed Natasha
  3726 | D:3      | Noticed Natasha
  4030 | D:3      | Killed Natasha
  4295 | D:3      | Reached skill level 6 in Stealth
  4295 | D:3      | Reached XP level 6. HP: 37/37 MP: 12/12
  4299 | D:3      | Learned a level 2 spell: Slow
  4532 | D:3      | Noticed Natasha
  4564 | D:3      | Killed Natasha
  4956 | D:4      | Reached skill level 1 in Slings
  5221 | D:4      | Found a staircase to the Ecumenical Temple.
  5243 | Temple   | Entered the Ecumenical Temple
  5390 | Temple   | Became a worshipper of Dithmenos the Shadowed
  5745 | D:5      | Entered Level 5 of the Dungeon
  5749 | D:5      | Found Cackul's Mayhem Merchandise.
  6254 | D:5      | Found a sacrificial altar of Ru.
  6291 | D:5      | Reached skill level 1 in Short Blades
  6340 | D:5      | Reached XP level 7. HP: 6/42 MP: 9/13
  6699 | D:5      | Found a glowing golden altar of the Shining One.
  6709 | D:5      | Found a snail-covered altar of Cheibriados.
  6758 | D:5      | Gained mutation: You expend magic power (3 MP) to
                  | strengthen your wands. [potion of mutation]
  6758 | D:5      | Gained mutation: One of your tentacles bears a spike.
                  | [potion of mutation]
  6760 | D:5      | Reached skill level 7 in Stealth
  7050 | D:5      | Reached skill level 1 in Fighting
  7422 | D:6      | Noticed Prince Ribbit
  7431 | D:6      | Killed Prince Ribbit
  7443 | D:6      | Found Soasta's Weapon Shoppe.
  7454 | D:6      | Reached skill level 5 in Spellcasting
  7550 | D:6      | Reached XP level 8. HP: 38/48 MP: 11/15
  7668 | D:6      | Learned a level 3 spell: Conjure Flame
  7672 | D:6      | Learned a level 3 spell: Mephitic Cloud
  7674 | D:6      | Bought a +0 hand crossbow for 49 gold pieces
  8027 | D:5      | Reached skill level 8 in Stealth
  8215 | D:6      | Reached skill level 1 in Shields
  8413 | D:6      | Noticed a two-headed ogre
  8429 | D:6      | Mangled by a two-headed ogre

Illustrated notes

Levels and vault maps discovered:
D:1:      erik_arrival_orb_chamber, layout_rooms, corner_web_ring
D:2:      layout_basic, roderic_lattice_a
D:3:      layout_loops_corners, makhleb_blood_cavern_becter, kennysheep_potato,
          uniq_natasha
D:4:      layout_loops_ring, minmay_temple_entry_arrows
D:5:      layout_loops_cross, amethyst_overflow_temple_binary, basic_altar,
          minmay_shop_mayhem
D:6:      layout_cave_pools, serial_shops, shop, uniq_prince_ribbit1,
          uniq_edmund
Temple:   eino_temple_scatter_basement

Skill      XL: |  1  2  3  4  5  6  7  8 |
---------------+-------------------------+-----
Stealth        | 3 4 5 6 7 8 |  8.3
Spellcasting   | 4 5 |  5.1
Conjurations   | 2 |  2.5
Slings         | 1 |  1.0
Short Blades   | 1 2 |  2.3
Summonings     | 2 |  2.6
Fighting       | 1 |  1.2
Shields        | 1 |  1.5
Dodging        | 3 |  3.1
Polearms       | |  0.3
Throwing       | |  0.2
Translocations | |  1.0

Action                   |  1- 3 |  4- 6 |  7- 9 || total
-------------------------+-------+-------+-------++-------
Melee: Short sword       |    36 |    20 |       ||    56
       Dagger            |     5 |       |       ||     5
       Constrict         |    11 |    19 |    10 ||    40
       Tentacles         |     7 |    12 |    10 ||    29
       Rapier            |       |    43 |    39 ||    82
       Spear             |       |    25 |     4 ||    29
       Kick              |       |       |    10 ||    10
 Fire: Hunting sling     |       |     4 |       ||     4
Throw: Dart              |       |       |     8 ||     8
 Cast: Magic Dart        |    31 |    45 |    11 ||    87
       Call Imp          |       |    27 |    17 ||    44
Evoke: Wand              |       |       |     1 ||     1
  Use: Potion            |     3 |     4 |     1 ||     8
       Scroll            |     2 |     5 |     2 ||     9
 Stab: Sleeping          |     8 |    16 |     2 ||    26
       Distracted        |       |       |     2 ||     2
Armor: Skin              |     4 |     3 |     4 ||    11
Dodge: Dodged            |    20 |    35 |    41 ||    96
Block: Other             |     4 |       |     4 ||     8
       Buckler           |       |    31 |       ||    31
       Reflection        |       |     2 |       ||     2
